Map: Orbital Shipyard

Players

lesha

  • Race: Terran Terran
  • League: Silver

Berkules - Winner!

  • Race: Protoss Protoss
  • League: Silver

VOD

Have the link to the VOD?

Description

Time

  • Played on: Dec. 29, 2015, 8:38 a.m.
  • Length: 6:08
Show
View Real Time Build Order
Export as new Build Order

lesha Terran 

Build Orders: Reaper Expand 

Get SALT Encoding   

  12  0:01  SCV  
  13  0:13  SCV  
  14  0:18  Supply Depot  
  14  0:25  SCV  
  15  0:40  SCV  
  15  0:41  Barracks  
  16  0:46  Refinery  
  16  0:52  SCV  
  17  1:04  SCV  
  18  1:16  SCV  
  19  1:29  Reaper  
  19  1:32  Orbital Command  
  20  1:44  Command Center  
  20  1:53  Supply Depot  
  20  2:01  SCV  
  21  2:09  Marine  
  21  2:14  SCV  
  23  2:20  Factory  
  23  2:26  SCV  
  23  2:27  Marine  
  25  3:11  SCV  
  27  3:17  Orbital Command  
  26  3:23  SCV  
  27  3:28  Barracks  
  27  3:29  Barracks  
  27  3:31  Starport  
  27  3:32  Refinery  
  27  3:33  Barracks Reactor  
  27  3:35  SCV  
  27  3:41  Factory Reactor  
  28  3:46  Engineering Bay  
  28  3:49  SCV x2  
  30  3:59  Supply Depot  
  30  4:00  Supply Depot  
  30  4:01  SCV x2  
  32  4:09  Marine x2  
  34  4:13  SCV x2  
  34  4:15  Missile Turret  
  36  4:22  Barracks Reactor, Barracks Tech Lab  
  36  4:32  Barracks, Starport Reactor  
  36  4:33  Barracks  
  36  4:36  Widow Mine x2  
  36  4:38  Marine x2  
  41  4:41  SCV x2  
  44  4:50  Missile Turret  
  44  4:53  SCV  
  44  4:54  SCV  
  46  5:10  Marine  
  46  5:11  Marine x3  
  47  5:23  Marine  
  47  5:24  Marine x2  
  47  5:25  Medivac x2  
  52  5:28  Marine x2  
  52  5:30  Marine  
  50  5:36  Widow Mine  
  50  5:37  Widow Mine  
  50  5:38  Marine  
  50  5:41  Marine  
Show
View Real Time Build Order
Export as new Build Order

Berkules Protoss - Winner!

Build Orders: 1 Gate Expand 

Get SALT Encoding   

  12  0:01  Probe (Chrono Boost)  
  13  0:11  Probe (Chrono Boost)  
  14  0:18  Pylon  
  14  0:22  Probe (Chrono Boost)  
  15  0:29  Assimilator  
  15  0:36  Probe (Chrono Boost)  
  16  0:42  Gateway  
  16  0:49  Probe (Chrono Boost)  
  17  1:00  Probe (Chrono Boost)  
  18  1:17  Nexus  
  18  1:20  Probe (Chrono Boost)  
  19  1:31  Cybernetics Core  
  19  1:34  Probe (Chrono Boost)  
  20  1:40  Assimilator  
  21  1:47  Probe (Chrono Boost)  
  21  1:57  Probe (Chrono Boost)  
  22  2:09  Pylon  
  22  2:16  Gateway  
  22  2:18  Probe (Chrono Boost), Gateway  
  23  2:28  Probe (Chrono Boost)  
  24  2:35  Adept (Chrono Boost)  
  25  2:54  Probe  
  25  2:55  Probe  
  27  3:03  Mothership Core  
  26  3:07  Probe  
  29  3:19  Probe  
  30  3:23  Probe  
  31  3:31  Probe, Warp Gate (Chrono Boost)  
  31  3:33  Probe  
  32  3:35  Adept  
  32  3:36  Adept x2  
  39  3:43  Probe, Assimilator  
  39  3:44  Probe  
  41  3:49  Assimilator  
  41  3:54  Probe  
  41  3:55  Probe  
  43  4:05  Probe  
  43  4:08  Probe  
  45  4:15  Probe  
  45  4:19  Nexus  
  45  4:23  Pylon  
  46  4:25  Pylon  
  46  4:39  Probe  
  46  4:41  Probe  
  48  4:50  Probe  
  49  4:53  Probe  
  50  5:00  Probe  
  50  5:05  Probe  
  52  5:11  Probe  
  53  5:39  Probe  
  53  5:41  Probe  
Tags
 
Add a new tag
Caveats
  • Supply blocks, unpowered buildings, or Contaminate may cause inaccurate times.
  • Supply counts are checked every 10 seconds.